 Dungeon Crawl Stone Soup version 0.30-a0-377-g5cb311bc9f (webtiles) character file.

Game seed: 6216656734807914963

28 Jaakounette the Cudgeller (level 3, 0/29 HPs)
             Began as a Human Berserker on Dec 1, 2022.
             Was a Follower of Trog.
             Slain by a quokka (1 damage)
             ... on level 3 of the Dungeon.
             The game lasted 00:12:10 (1028 turns).

Jaakounette the Cudgeller (Human Berserker)         Turns: 1028, Time: 00:12:10

Health: 0/29       AC:  5    Str: 22 (24) XL:     3   Next: 27%
Magic:  3/3        EV: 11    Int: 10 (12) God:    Trog [*.....]
Gold:   64         SH:  0    Dex: 13 (14) Spells: 2/2 levels left

rFire   . . .      SeeInvis .    a - +0 mace
rCold   . . .      Faith    .    (no shield)
rNeg    . . .      Spirit   .    q - +0 ring mail of Mirth {Str+7 Int+5 Stlth+}
rPois   .          Reflect  .    (no helmet)
rElec   .          Harm     .    (no cloak)
rCorr   .          Rampage  .    (no gloves)
Will    .....                    (no boots)
Stlth   ++........               (no amulet)
HPRegen 0.24/turn                (no ring)
MPRegen 0.08/turn                (no ring)

@: about to teleport
A: no striking features
a: Renounce Religion, Berserk


You were on level 3 of the Dungeon.
You worshipped Trog.
Trog was aware of your devotion.
You visited 1 branch of the dungeon, and saw 3 of its levels.

You collected 64 gold pieces.

Inventory:

Hand Weapons
 a - a +0 mace (weapon)
 d - a +0 short sword
 h - a +0 club
 m - a +0 whip
Missiles
 c - 4 stones
Armour
 b - a +0 animal skin
 g - a +0 ring mail
 j - a +0 leather armour
 q - the +0 ring mail of Mirth (worn) {Str+7 Int+5 Stlth+}
   (You found it on level 3 of the Dungeon)

   Str:       It affects your strength (+7).
   Int:       It affects your intelligence (+5).
   Stlth:     It makes you more stealthy.
Scrolls
 n - 4 scrolls of identify {unknown}
Potions
 f - a potion of attraction {unknown}
 i - 2 potions of brilliance {unknown}
 k - a potion of haste {unknown}
 l - a potion of mutation {unknown}
 o - 3 potions of might {unknown}
 p - a potion of berserk rage {unknown}


   Skills:
 + Level 3.3 Fighting
 + Level 3.4 Maces & Flails
 + Level 2.3 Armour
 + Level 2.3 Dodging


You had 2 spell levels left.
You didn't know any spells.
Your spell library was empty.

Dungeon Overview and Level Annotations

Branches:
Dungeon (3/15)

Altars:

Shops:
D:1 *((:*


Message History

The jackal bites you but does no damage.
You swing at nothing.
The jackal bites you. The endoplasm freezes you.
You are frozen.
* * * LOW HITPOINT WARNING * * *
The jackal bites you.
* * * LOW HITPOINT WARNING * * *
The endoplasm attacks as you move away! The endoplasm barely misses you.
The jackal attacks as you move away! The jackal barely misses you.
You swing at nothing.
The endoplasm hits you but does no damage.
The jackal closely misses you. The endoplasm freezes you.
You are frozen.
* * * LOW HITPOINT WARNING * * *
The jackal misses you.
You hit the endoplasm.
You kill the endoplasm!
Trog accepts your kill.
The bat hits you but does no damage. x2; The jackal misses you.
You barely miss the bat. The bat misses you. The jackal bites you.
* * * LOW HITPOINT WARNING * * *
The bat hits you but does no damage. The jackal misses you.
You closely miss the jackal.
The jackal is heavily wounded.
The bat hits you but does no damage. The jackal closely misses you.
The jackal bites you but does no damage.
The quokka closely misses you.
You sock the jackal!
You kill the jackal!
Trog accepts your kill.
The quokka bites you but does no damage.
You hit the goblin.
The goblin is severely wounded.
The quokka barely misses you. The goblin hits you with a +0 club.
* * * LOW HITPOINT WARNING * * *
As you read the scroll labelled TATTIWKU MOABB, it crumbles to dust.
You feel strangely unstable.
It was a scroll of teleportation.
The quokka bites you.
You die...

#####......
#.......#..
#.###..##.. # ##.#
##.##.. ..## ###..#
#.##.. ...
#...#####.##.#
#.#####.#.###......#
#...g##.#..##.#...^.
#.@r...............
####...........##..
#..............##..
#.##.##).......####
.. .............# #
................
#................
#...............
................


You could see a quokka and a goblin.

Vanquished Creatures
  2 ball pythons (D:3)
  2 bats (D:1)
  3 endoplasms
  A giant cockroach (D:2)
  2 goblins (D:3)
  2 hobgoblins (D:1)
  3 jackals (D:3)
  2 quokkas (D:1)
  A frilled lizard (D:2)
  3 kobolds
  2 rats
23 creatures vanquished.

Notes
Turn   | Place    | Note
-------+----------+-------------------------------------------
     0 | D:1      | Jaakounette the Human Berserker began the quest for the
                  | Orb.
     0 | D:1      | Reached XP level 1. HP: 18/18 MP: 1/1
    47 | D:1      | Found Usagelau's General Store.
   101 | D:1      | Found Yweo's Antique Weapon Emporium.
   204 | D:1      | Found Kuhuula's General Store.
   245 | D:1      | Reached XP level 2. HP: 23/24 MP: 2/2
   295 | D:1      | Found Abel's Weapon Shop.
   436 | D:1      | Found Wasygeg's Book Emporium.
   949 | D:3      | Identified the +0 ring mail of Mirth {Str+7 Int+5 Stlth+}
   997 | D:3      | Reached XP level 3. HP: 29/29 MP: 3/3
  1027 | D:3      | HP: 1/29 [goblin/+0 club[Robin] (3)]
  1028 | D:3      | Slain by a quokka

Illustrated notes

Levels and vault maps discovered:
D:1:      minmay_arrival_cross, layout_rooms, serial_shops, shop,
          shop_fountains, nicolae_lakefront_shop, shop, shop
D:2:      layout_loops_corners, chequers_big_river, kennysheep_generic_room_11
D:3:      cheibrodos_greedy_goblins, layout_rooms,
          dreamdust_ecumenical_altar_hidden_monk_grotto, uniq_robin

Action                   || total
-------------------------++-------
Melee: Mace              ||    74
       Punch             ||     1
  Use: Scroll            ||     2
       Potion            ||     1
 Stab: Sleeping          ||     1
Armor: Ring mail         ||    52
       Animal skin       ||    15
Dodge: Dodged            ||   139

Table legend: (Time is in decaauts)
 A = Elapsed time spent in this place.
 B = Non-inter-level travel time spent in this place.
 C = Inter-level travel time spent in this place.
 D = Time resting spent in this place.
 E = Time spent auto-exploring this place.
 F = Levels seen in this place.
 G = Mean time per level.
                   A        B        C        D        E       F      G
               +--------+--------+--------+--------+--------+-----+--------+
         Total |   1068 |    436 |    632 |      0 |      0 |   3 |  356.0 |
       Dungeon |   1068 |    436 |    632 |      0 |      0 |   3 |  356.0 |
               +--------+--------+--------+--------+--------+-----+--------+

Top non-repeatable levels by time:
     D:1: 762 daAuts
     D:2: 161 daAuts
     D:3: 143 daAuts
